[Event "Olomouc Chess Summer-IM 2022"]
[Site "Olomouc"]
[Date "2022.08.16"]
[Round "5.13"]
[White "Wiley, Tom E"]
[Black "Mica, Marek"]
[Result "1/2-1/2"]
[ECO "D35"]
[WhiteElo "2169"]
[BlackElo "2297"]
[Annotator "TA"]
[PlyCount "56"]
[EventDate "2022.08.10"]
[EventCountry "CZE"]
[SourceTitle "playchess.com"]
[Source "ChessBase"]
[SourceQuality "1"]
[TimeControl "40/5400+30:1800+30"]

1. d4 Nf6 2. c4 e6 3. Nc3 d5 4. cxd5 exd5 5. Bg5 Bb4 6. e3 h6 7. Bxf6 {[%emt 0:03:03] D35: Queen's Gambit Declined: Exchange Variation.} Qxf6 8. Qb3 Qd6 9. a3 {[%emt 0:03:19] White has an edge.} Bxc3+ 10. Qxc3 {[%emt 0:00:24] [#]} c6 $146 ({Predecessor:} 10... Bf5 11. Qb4 Qb6 12. Rc1 c6 13. Nf3 Nd7 14. Nd2 Qc7 15. a4 a5 16. Qa3 Nf6 {½-½ (46) Daneshvar,B (2490)-Dominguez Perez,L (2754) Chennai 2022}) 11. Bd3 Nd7 12. Nf3 Nb6 13. O-O O-O 14. b4 a6 15. a4 Be6 16. Nd2 Nd7 17. Nb3 b6 18. a5 b5 19. Rac1 Rac8 20. Nc5 Nxc5 21. Qxc5 Qxc5 22. Rxc5 Rfd8 23. Rfc1 Rd6 24. f3 {[%emt 0:01:11] White is more active.} f5 {[%emt 0:01:53] White is slightly better.} 25. Kf2 Bd7 26. h4 g6 27. Rh1 Kg7 28. Rcc1 Re8 {[%emt 0:01:27] Weighted Error Value: White=0.02 (flawless) /Black=0.04 (flawless)} 1/2-1/2

[Event "Olomouc Chess Summer-IM 2022"]
[Site "Olomouc"]
[Date "2022.08.16"]
[Round "5.14"]
[White "Biolek, Richard"]
[Black "Nemec, Jachym"]
[Result "1/2-1/2"]
[ECO "A49"]
[WhiteElo "2402"]
[BlackElo "2341"]
[Annotator "TA"]
[PlyCount "40"]
[EventDate "2022.08.10"]
[EventCountry "CZE"]
[SourceTitle "playchess.com"]
[Source "ChessBase"]
[SourceQuality "1"]
[TimeControl "40/5400+30:1800+30"]

1. d4 Nf6 2. Nf3 g6 3. g3 Bg7 4. Bg2 d5 5. O-O O-O 6. Nbd2 c6 7. c4 Bf5 8. b3 Qa5 9. Bb2 Ne4 10. Nxe4 {[%emt 0:05:33] D78: Fianchetto Grünfeld: 6 0-0 c6.} Bxe4 11. Qc1 Nd7 12. Qe3 {[%emt 0:05:01] [#] The position is equal.} Qb6 $146 ({Predecessor:} 12... e6 13. Rfc1 Rfe8 14. Bh3 Bxf3 15. Qxf3 Rad8 16. e3 Qb6 17. Rc2 dxc4 18. Rxc4 e5 19. Bxd7 Rxd7 20. dxe5 Bxe5 {½-½ (45) Grigoriants,S (2594)-Jepson,C (2428) Helsingor 2015}) 13. Bh3 Nf6 14. Ne5 {[%emt 0:03:34] Black must now prevent g4.} Bf5 15. Bg2 Rfe8 16. Rfc1 Rad8 17. Bc3 Ne4 18. cxd5 cxd5 19. Bxe4 dxe4 20. Rd1 Bxe5 {[%emt 0:14:09] Weighted Error Value: White=0.18 (very precise) /Black=0.09 (flawless)} 1/2-1/2

[Event "Olomouc Chess Summer-IM 2022"]
[Site "Olomouc"]
[Date "2022.08.16"]
[Round "5.15"]
[White "Camarena Jimenez, Rufino"]
[Black "Shubin, Daniel"]
[Result "1-0"]
[ECO "D52"]
[WhiteElo "2308"]
[BlackElo "2206"]
[Annotator "TA"]
[PlyCount "55"]
[EventDate "2022.08.10"]
[EventCountry "CZE"]
[SourceTitle "playchess.com"]
[Source "ChessBase"]
[SourceQuality "1"]
[TimeControl "40/5400+30:1800+30"]

1. d4 d5 2. c4 e6 3. Nc3 Nf6 4. Bg5 Nbd7 5. e3 c6 6. Nf3 Qa5 7. cxd5 Nxd5 8. Qd2 Bb4 9. Rc1 h6 10. Bh4 b6 {[%emt 0:01:06] D52: Queen's Gambit Declined: Cambridge Springs Variation.} 11. Bd3 Ba6 12. O-O {[%emt 0:01:14] next Bxa6 is good for White.} O-O {[%emt 0:00:05] The position is equal.} 13. e4 Nxc3 14. bxc3 Ba3 {[%emt 0:00:04] Strongly threatening ...Bxd3.} 15. Rcd1 {[%emt 0:05:24] [#]} Bxd3 $146 ({Predecessor:} 15... Rfe8 16. Rfe1 Bxd3 17. Qxd3 Rac8 18. h3 b5 19. Re2 Qa4 20. Rde1 Bf8 21. g4 c5 {0-1 (39) Praggnanandhaa,R (2642)-Ding,L (2806) chess24.com INT 2022}) 16. Qxd3 b5 17. Rfe1 Rac8 18. e5 c5 (18... Nb6 $11) 19. Re4 {[%emt 0:15:18] White is more active.} ({White has to play} 19. d5 $1 $16 {[%cal Rd5e6] And now dxe6 would win.} c4 20. Qe4) 19... Bb2 {[%emt 0:03:32] [#]} (19... cxd4 $11 20. Rxd4 Nb6) 20. Qb1 (20. Rg4 $1 $16 {Intending Bf6 and mate.} Qxc3 21. Qe4) 20... Bxc3 $11 {[%emt 0:04:44] Threatens to win with ...cxd4.} (20... Qxc3 $2 21. Re3 (21. Re2 Ba3 $11) 21... cxd4 22. Rxc3 dxc3 23. Qc2 $18 (23. Rxd7 $2 c2 $19)) 21. Bf6 Qb4 $17 {[%emt 0:26:10] ...Qxb1 is the strong threat.} (21... gxf6 $2 22. Rg4+ Kh8 23. Qc1 $18) 22. Qc1 {[%emt 0:07:17] Threatening mate with Rg4.} Bxd4 (22... gxf6 23. Qxh6) (22... Nxf6 23. exf6 Qb2 24. fxg7 Kxg7 25. Qe3 $16 (25. Qf4 Bxd4 26. Nxd4 cxd4 $11)) 23. Qf4 (23. Bxg7 $142 Bxf2+ 24. Kxf2 Qxe4 25. Qxh6) 23... gxf6 $2 {[%emt 0:14:43][%mdl 8192] This move loses the game for Black.} (23... Qa4 $17 {and life is bright.} 24. Rf1 Qxa2 25. Bxg7 Kxg7 26. Qg4+ Kh8) 24. Nxd4 $18 Nxe5 {[%emt 0:06:59] [#] aiming for ...Ng6.} (24... cxd4 25. Qxh6 (25. Rexd4 Rc4 $15) 25... Qd2 26. Rg4+ $18) 25. Nxe6 $1 $40 {[%emt 0:02:00][%mdl 192] Discovered Attack. White is out for blood.} Qb2 (25... Qxe4 $2 26. Qxe4 Rfe8 27. Nf4 $18) (25... fxe6 26. Rxb4 cxb4 27. Qxh6 (27. Qxb4 Rfd8 $18) 27... Rc7) 26. Nxf8 {[%emt 0:01:42][%cal Of4h6] White is clearly winning.} Rd8 {[%emt 0:01:12] [#]} 27. Rf1 Qd2 (27... Kg7 28. Nd7) 28. Qxf6 {[%emt 0:00:37] Weighted Error Value: White=0.29 (precise) /Black=0.54} 1-0

[Event "Olomouc Chess Summer-IM 2022"]
[Site "Olomouc"]
[Date "2022.08.17"]
[Round "6.6"]
[White "Jurek, Josef"]
[Black "Nagy, Ladislav"]
[Result "1-0"]
[ECO "D37"]
[WhiteElo "2212"]
[BlackElo "2194"]
[Annotator "NA RC"]
[PlyCount "91"]
[EventDate "2022.08.10"]
[EventCountry "CZE"]
[SourceTitle "playchess.com"]
[Source "ChessBase"]
[SourceQuality "1"]
[TimeControl "40/5400+30:1800+30"]

1. d4 Nf6 2. c4 e6 3. Nf3 d5 4. Nc3 Be7 5. Bf4 O-O 6. a3 Nbd7 7. Nb5 Ne8 8. e3 c6 9. Nc3 Nef6 10. Rc1 Nh5 11. Bd3 Nxf4 12. exf4 b6 13. O-O Nf6 14. Qe2 Ba6 15. Rfd1 Rc8 16. Ne5 Rc7 17. b4 Qc8 18. c5 Bxd3 19. Qxd3 b5 20. a4 a6 21. Ra1 Qb7 22. axb5 axb5 23. Rd2 Nd7 24. Rda2 Nxe5 25. dxe5 Rb8 26. Ne2 Qc8 27. Nd4 Qf8 28. g3 Bxc5 29. bxc5 Qxc5 30. f5 exf5 31. Nxf5 g6 32. Nd4 Qc4 33. Qd2 c5 34. Rc2 cxd4 35. Rxc4 dxc4 36. Qxd4 c3 37. Ra7 Rxa7 38. Qxa7 Re8 39. Qc5 b4 40. Qxb4 Rc8 41. Qb7 Rc4 42. Qd5 Rc8 43. Qd7 Rc4 44. e6 Kg7 45. Qxf7+ Kh6 46. e7 1-0

[Event "Olomouc Chess Summer-IM 2022"]
[Site "Olomouc"]
[Date "2022.08.17"]
[Round "6.7"]
[White "Lalic, Bogdan"]
[Black "Kusa, Jakub"]
[Result "1/2-1/2"]
[ECO "D31"]
[WhiteElo "2415"]
[BlackElo "2373"]
[Annotator "TA"]
[PlyCount "21"]
[EventDate "2022.08.10"]
[EventCountry "CZE"]
[SourceTitle "playchess.com"]
[Source "ChessBase"]
[SourceQuality "1"]
[TimeControl "40/5400+30:1800+30"]

1. d4 {[%emt 0:00:38] Atalik,S} d5 2. c4 e6 3. Nc3 a6 4. cxd5 exd5 5. Bf4 c6 6. e3 {[%emt 0:00:22] D31: Queen's Gambit Declined: Semi-Slav without ...Nf6 (+ Marshall Gambit and Noteboom) and Exchange Variation lines without ...Nf6.} Bd6 7. Qf3 Ne7 8. Bd3 O-O 9. Nge2 {[%emt 0:00:17] [#]} Bxf4 $146 (9... Bf5 $5 10. Bxd6 Bxd3 $11) ({Predecessor:} 9... Ng6 10. Bxd6 Qxd6 11. Qg3 Qb4 12. Rb1 Nd7 13. h4 Ne7 14. a3 Qa5 15. h5 h6 {0-1 (89) Atalik,S (2507)-Vaibhav,S (2544) Chess.com INT 2018 CBM 183 [Atalik,S]}) 10. Nxf4 ({But not} 10. exf4 Bf5 $11) 10... Nd7 11. O-O {[%emt 0:00:29] Black got outplayed after the opening.  Weighted Error Value: White=0.13 (very precise) /Black=0.12 (very precise)} 1/2-1/2

[Event "Olomouc Chess Summer-IM 2022"]
[Site "Olomouc"]
[Date "2022.08.17"]
[Round "6.8"]
[White "Poschadel, Andreas Gregor"]
[Black "Nytra, Ondrej"]
[Result "0-1"]
[ECO "C84"]
[WhiteElo "2073"]
[BlackElo "2202"]
[Annotator "NA RC"]
[PlyCount "88"]
[EventDate "2022.08.10"]
[EventCountry "CZE"]
[SourceTitle "playchess.com"]
[Source "ChessBase"]
[SourceQuality "1"]
[TimeControl "40/5400+30:1800+30"]

1. e4 e5 2. Nf3 Nc6 3. Bb5 a6 4. Ba4 Nf6 5. O-O Be7 6. d3 b5 7. Bb3 d6 8. a4 b4 9. c3 O-O 10. Re1 a5 11. Nbd2 Ba6 12. Nc4 Rb8 13. Qc2 Nd7 14. Be3 Bf6 15. Rad1 Qe7 16. Ncd2 g6 17. Bd5 Nd8 18. d4 bxc3 19. bxc3 Nb6 20. Bb3 Ne6 21. Qa2 Bg7 22. dxe5 dxe5 23. Nc4 Bxc4 24. Bxc4 Nc5 25. Qa3 Nxc4 26. Bxc5 Qe6 27. Qa1 Rfe8 28. Re2 Qc6 29. Be3 Qxe4 30. Nd2 Qd3 31. Ree1 Nxe3 32. Rxe3 Qc2 33. Nc4 e4 34. Rc1 Qb3 35. Nd2 Qd5 36. Nf1 Qc4 37. Nd2 Qc6 38. Rce1 f5 39. Qa2+ Kh8 40. Qf7 Bxc3 41. Rh3 h5 42. g4 Rf8 43. Qe7 fxg4 44. Rxe4 gxh3 0-1

[Event "Olomouc Chess Summer-IM 2022"]
[Site "Olomouc"]
[Date "2022.08.17"]
[Round "6.9"]
[White "Stinka, Jakub"]
[Black "Gimenez Menchon, Cesar"]
[Result "1-0"]
[ECO "E94"]
[WhiteElo "2329"]
[BlackElo "2205"]
[Annotator "TA"]
[PlyCount "115"]
[EventDate "2022.08.10"]
[EventCountry "CZE"]
[SourceTitle "playchess.com"]
[Source "ChessBase"]
[SourceQuality "1"]
[TimeControl "40/5400+30:1800+30"]

1. d4 d6 2. Nf3 Nf6 3. c4 g6 4. Nc3 Nbd7 5. e4 e5 6. Be2 Bg7 7. O-O O-O 8. Be3 Qe7 9. Qc2 c6 10. d5 c5 {E94: King's Indian: Classical: 6 Be2 e5 7 0-0: Various Black 7th moves.} 11. Ne1 h6 12. Nd3 Nh7 {White is better.} 13. Qd2 {[#]} h5 $146 ({Predecessor:} 13... g5 14. Bg4 Nb6 15. Bxc8 Nxc4 16. Qe2 Rfxc8 17. g4 Nb6 18. Qc2 Qd7 19. f3 Nc4 20. Bc1 b5 {½-½ (33) Gandrud,V (2228)-Ulvnes,R (2042) Oslo 2015}) 14. Bh6 Ndf6 15. Bxg7 Kxg7 16. f4 (16. a4 $16) 16... Nd7 $14 17. Rae1 exf4 $1 18. Qxf4 f6 (18... Ne5 $11) 19. Qg3 $16 {Threatens to win with Bxh5.} Kh6 20. Nf4 {[%csl Gf4][%cal Rg3g6] White is much more active. The black rooks are badly placed.} Ne5 21. Nd1 Ng5 22. Qh4 (22. h3 $14) 22... Bd7 23. Ne3 (23. Nc3 $14) 23... Kg7 $15 24. Bd1 a6 25. Bc2 b5 26. Qg3 {White wants to play h4.} Kh7 (26... Nxc4 $2 27. Nxc4 h4 28. Qxh4 $1 bxc4 29. e5 $18) (26... bxc4 27. h4 $16) 27. b3 Rg8 28. Rf2 Rab8 29. Ref1 bxc4 30. bxc4 Rb2 31. h4 Ngf7 32. Ne6 Bxe6 (32... Nd8 $1 $11 {remains equal.}) 33. dxe6 $16 Qxe6 34. Nd5 Rg7 35. Rxf6 Qg4 (35... Qd7 $142 36. Qc3 Rb8) 36. Qc3 $1 {And now Rxf7 would win.} (36. Qxg4 Nxg4 37. Rxf7 Rxc2 $15) 36... Rb7 {[#]} (36... Rxa2 $2 37. Rxf7 $1 (37. Qb3 Rxc2 38. Qxc2 Qxh4 $14) 37... Rxf7 38. Rxf7+ Kg8 39. Nf6+ Kxf7 40. Nxg4 $18) 37. Rxd6 $3 {[%mdl 512] Strongly threatening Nf6+.} Qxh4 38. Nf6+ (38. Rxa6 $6 Ng4 39. Nf6+ (39. Qh3 Qg5 $11) 39... Nxf6 40. Raxf6 Re7 $11) 38... Kh6 39. Rxa6 (39. Rd5 $142) 39... Qg5 (39... Ng4 $16 {is a better defense.} 40. Nxg4+ hxg4) 40. Ne8 ({Better is} 40. Bb3 $18) 40... Rg8 $14 41. Nf6 (41. Re6 $14) 41... Rd8 {White must now prevent ...Rd2.} 42. Nd5 Rd6 43. Ra8 Rd8 {Inhibits Rc8.} 44. Ra5 Rc8 45. Ra6 {Inhibits Nd6.} Ng4 {[#]} (45... Rd8 $14) 46. Bd1 $1 $16 {Bxg4 is the strong threat.} Rb1 47. Bxg4 {Really sharp!} (47. Ra7 Nge5 $11) 47... Rxf1+ 48. Kxf1 Qxg4 {[#]} (48... hxg4 49. Re6 (49. Ra7 Rf8 $16) 49... Rd8) 49. Ne7 $1 $18 {[%csl LRc8,LRg6] Intending Nf5+ and mate.} Qd1+ 50. Kf2 Nd6 51. Qe3+ ({Less strong is} 51. Rxd6 Qxd6 52. Nxc8 (52. Qe3+ Kg7 $16) 52... Qf8+ 53. Ke3 Qxc8 $16) 51... Kh7 52. Nxc8 Qc2+ 53. Kg1 {White mates.} Qb1+ 54. Kh2 Nxc8 55. Qf4 Qb7 56. Rf6 Ne7 57. Rf7+ Kg8 58. Rf8+ {Weighted Error Value: White=0.15 (very precise) /Black=0.35} 1-0

[Event "Olomouc Chess Summer-IM 2022"]
[Site "Olomouc"]
[Date "2022.08.17"]
[Round "6.10"]
[White "Kukelko, Alexey"]
[Black "Jasny, Stanislav"]
[Result "1/2-1/2"]
[ECO "B43"]
[WhiteElo "2260"]
[BlackElo "2248"]
[Annotator "NA RC"]
[PlyCount "66"]
[EventDate "2022.08.10"]
[EventCountry "CZE"]
[SourceTitle "playchess.com"]
[Source "ChessBase"]
[SourceQuality "1"]
[TimeControl "40/5400+30:1800+30"]

1. e4 c5 2. Nf3 e6 3. d4 cxd4 4. Nxd4 a6 5. Nc3 Qc7 6. Bd3 Nf6 7. f4 b5 8. e5 b4 9. Ne4 Nxe4 10. Bxe4 Bb7 11. Qf3 Nc6 12. Nxc6 Bxc6 13. Bxc6 dxc6 14. Be3 Rd8 15. O-O Be7 16. Rac1 O-O 17. c3 bxc3 18. Rxc3 Rd5 19. Rfc1 Qa5 20. a3 c5 21. Qf2 Rfd8 22. h4 Bf8 23. R1c2 h5 24. Kh2 Qa4 25. Rc4 Qb3 26. Bxc5 Bxc5 27. Rxc5 Rxc5 28. Qxc5 Qd3 29. Rf2 g6 30. Rf3 Qb1 31. Rb3 Rd1 32. Rb8+ Kh7 33. Rh8+ Kxh8 1/2-1/2

[Event "Olomouc Chess Summer-IM 2022"]
[Site "Olomouc"]
[Date "2022.08.17"]
[Round "6.11"]
[White "Obsivac, Josef"]
[Black "Shubin, Daniel"]
[Result "1-0"]
[ECO "D35"]
[WhiteElo "2284"]
[BlackElo "2206"]
[Annotator "NA RC"]
[PlyCount "83"]
[EventDate "2022.08.10"]
[EventCountry "CZE"]
[SourceTitle "playchess.com"]
[Source "ChessBase"]
[SourceQuality "1"]
[TimeControl "40/5400+30:1800+30"]

1. d4 d5 2. c4 e6 3. Nc3 Nf6 4. cxd5 exd5 5. Bg5 Nbd7 6. e3 c6 7. Bd3 Be7 8. Qc2 O-O 9. Nf3 Re8 10. O-O Nf8 11. h3 Be6 12. Ne5 N6d7 13. Bxe7 Qxe7 14. f4 f6 15. Nf3 Rac8 16. Qf2 b5 17. Rae1 Qd6 18. g4 a6 19. Nh4 c5 20. Kh1 b4 21. Ne2 c4 22. Bc2 Nb6 23. Rg1 b3 24. axb3 cxb3 25. Bd3 Nc4 26. Ng3 Qb4 27. Re2 Rc7 28. Nh5 Bf7 29. Nf5 Ne6 30. Nfxg7 Nxg7 31. Nxf6+ Kf8 32. Qh4 Rxe3 33. Nxh7+ Ke8 34. Nf6+ Kf8 35. Rxe3 Nxe3 36. Qh8+ Ke7 37. Qxg7 Qd6 38. Re1 Rc1 39. Rxc1 Qxf4 40. Ng8+ Kd7 41. Qf6 Qxf6 42. Nxf6+ 1-0

[Event "Olomouc Chess Summer-IM 2022"]
[Site "Olomouc"]
[Date "2022.08.17"]
[Round "6.12"]
[White "Mica, Marek"]
[Black "Camarena Jimenez, Rufino"]
[Result "0-1"]
[ECO "D02"]
[WhiteElo "2297"]
[BlackElo "2308"]
[Annotator "TA"]
[PlyCount "120"]
[EventDate "2022.08.10"]
[EventCountry "CZE"]
[SourceTitle "playchess.com"]
[Source "ChessBase"]
[SourceQuality "1"]
[TimeControl "40/5400+30:1800+30"]

1. d4 d5 2. Nf3 Nf6 3. g3 Bf5 4. Bg2 h6 5. c4 c6 6. O-O e6 7. Nc3 Nbd7 8. Nd2 Be7 {[%emt 0:00:28] D11: Slav Defence: 3 Nf3 sidelines and 3...Nf6 4 e3 Bg4.} 9. cxd5 exd5 {[%emt 0:00:49] [#]} 10. Nb3 $146 ({Predecessor:} 10. e4 dxe4 11. Ndxe4 O-O 12. Qb3 Nb6 13. Nxf6+ Bxf6 14. d5 Bxc3 15. bxc3 cxd5 16. Be3 Be6 17. Bxb6 axb6 18. Rab1 d4 19. Qxb6 dxc3 20. Qxd8 Rfxd8 21. Rxb7 Rxa2 22. h4 c2 {½-½ (22) Guerra Mojena,L (2362)-Ruiz Sanchez,O (2426) Cuernavaca 2015}) 10... O-O {[%emt 0:00:35] Black is slightly better.} 11. f3 a5 $1 12. a4 Bb4 13. g4 Bh7 14. Rf2 Re8 15. Bf1 Nb6 16. h4 Nfd7 17. g5 h5 18. Bf4 {[%emt 0:06:12][%cal Oe2e4] Prevents Qc7.} Nc4 19. Qc1 {[%emt 0:08:15][%cal Oe2e4] Prevents Ne3.} Bd6 {[%emt 0:05:32] And now ...Bxf4 would win. 0x0.0020aee8ed48dp-1022s more active pieces.} 20. Bxd6 (20. e4 $17) 20... Nxd6 $19 21. Qf4 {[%emt 0:00:05] [#]} Nf8 $1 22. Bh3 Bc2 23. Nc5 Ng6 24. Qd2 Bf5 25. Nxb7 Nxb7 (25... Qc7 $19 26. Nxd6 Bxh3) 26. Bxf5 $17 Nxh4 27. Bd3 Nd6 28. e4 $2 {[%emt 0:04:44][%mdl 8192] [#] Now White is beyond hope.} (28. Rh2 $17 {keeps fighting.} Nhf5 29. Rxh5) 28... Nxf3+ $1 $19 29. Rxf3 dxe4 30. Rh3 exd3 31. Rxh5 g6 32. Rh3 Ne4 33. Nxe4 (33. Qf4 Nxg5 34. Rxd3) 33... Rxe4 34. Rxd3 Rg4+ 35. Kf2 Rxg5 36. Rh1 (36. Raa3 $142) 36... Qd5 37. Rh2 {[%emt 0:00:21] Prevents Qg2+.} Re8 {[%emt 0:01:26] ...Qf5+ is the strong threat.} 38. Re3 Qf5+ 39. Ke2 Rd8 40. Reh3 Qg4+ 41. Ke3 Rf5 42. Qc3 Qg1+ 43. Kd3 {[%emt 0:01:17] White wants to mate with Rh8+.} Qd1+ 44. Kc4 Qxa4+ 45. Kd3 Qd1+ 46. Kc4 {[%emt 0:00:25] Threatening mate with Rh8+.} Rdd5 {[%emt 0:02:19][%cal Od5c5] ( -> ...Rc5+!)} 47. b4 {[%emt 0:03:26] Prevents Rc5+.} (47. Qe3 Qa4+ 48. Kc3 Qb4+ 49. Kc2 Qc4+ 50. Qc3 Qxd4 51. Qxd4 Rxd4 52. Rh8+ Kg7 53. R2h7+ Kf6 54. Rf8) 47... axb4 48. Qe3 Rh5 49. Rxh5 Rxh5 (49... gxh5 $2 50. Qe8+ Kh7 51. Qxf7+ Kh6 52. Qf4+ Rg5 53. Rg2 $18) 50. Rxh5 Qc2+ 51. Kxb4 gxh5 {[%emt 0:00:09][%mdl 4096] Endgame KQ-KQ} 52. Qg5+ Qg6 53. Qd8+ Kh7 (53... Kg7 $142 54. Kc4 Qf6) 54. Kc5 Qe6 {[%emt 0:01:13][%cal Oe6d5] Threatens to win with ...Qd5+!} 55. Qg5 {[%emt 0:02:35] Against Qd5+} Qd5+ 56. Qxd5 cxd5 {[%emt 0:00:01] Black mates.} 57. Kxd5 h4 58. Ke4 f5+ 59. Kf3 Kg6 60. Kg2 f4 {[%emt 0:00:08] Weighted Error Value: White=0.84/Black=0.28 (precise)} 0-1

[Event "Olomouc Chess Summer-IM 2022"]
[Site "Olomouc"]
[Date "2022.08.17"]
[Round "6.13"]
[White "Nemec, Jachym"]
[Black "Wiley, Tom E"]
[Result "1/2-1/2"]
[ECO "D35"]
[WhiteElo "2341"]
[BlackElo "2169"]
[Annotator "TA"]
[PlyCount "116"]
[EventDate "2022.08.10"]
[EventCountry "CZE"]
[SourceTitle "playchess.com"]
[Source "ChessBase"]
[SourceQuality "1"]
[TimeControl "40/5400+30:1800+30"]

1. c4 e6 2. Nc3 d5 3. d4 Nf6 4. cxd5 exd5 5. Bg5 Be7 6. e3 c6 7. Bd3 Nbd7 8. Qc2 Nh5 9. Bxe7 Qxe7 10. O-O-O g6 11. Kb1 {[%emt 0:01:02] D36: Queen's Gambit Declined: Exchange Variation: Main line (5 Bg5 c6 6 Qc2).} Nb6 12. h3 Ng7 13. Nf3 {[%emt 0:00:08] White is slightly better.} Bf5 14. e4 {[%emt 0:12:31] [#]} dxe4 $146 ({Predecessor:} 14... Bxe4 15. Bxe4 dxe4 16. Qxe4 Ne6 17. d5 cxd5 18. Nxd5 Nxd5 19. Rxd5 O-O 20. Nd4 Qb4 21. a3 {½-½ (21) Bokar,J (2569)-Jedrzejowski,M (2503) ICCF email 2014}) 15. Bxe4 Bxe4 16. Nxe4 O-O-O 17. Rhe1 Nd5 ({Black should play} 17... Qc7 $11) 18. Ne5 (18. Qc5 $14) 18... Qc7 $15 19. Qa4 Kb8 20. Rd3 f6 21. Nf3 (21. Nc4 $15 {was preferrable.}) 21... Rhe8 $17 22. Ra3 b6 23. Qd1 Nf5 24. Rb3 Ka8 25. g3 Nd6 26. Nc3 Rxe1 27. Nxe1 Nf5 28. Nc2 Qd7 29. Qf3 Nde7 30. Ne2 Qd5 31. g4 Nd6 32. Nb4 Qxf3 33. Rxf3 a5 34. Nd3 f5 35. Ne5 Kb7 36. Nc3 b5 37. Rd3 Ne4 38. f3 Nxc3+ 39. bxc3 $11 {[%emt 0:00:04][%mdl 4096] Endgame KRN-KRN} Nd5 40. Kb2 Nf4 41. Rd2 c5 42. h4 cxd4 43. cxd4 Rd5 44. gxf5 gxf5 45. Kc3 Ng6 46. Nxg6 {[%emt 0:00:00] The position is equal.} hxg6 {[%emt 0:00:05] KR-KR} 47. Rg2 Rd6 48. d5 Rxd5 49. Rxg6 b4+ 50. Kc2 Re5 51. h5 Re2+ 52. Kb3 Re3+ 53. Ka4 {[%emt 0:00:00] Hoping for h6.} Rxf3 54. Kxa5 {[%emt 0:00:00] [#] aiming for h6.} Rh3 55. h6 f4 56. Kxb4 {[%emt 0:01:24] Kc4 is the strong threat.} f3 57. Rf6 f2 58. Rxf2 {[%emt 0:00:06] [#] Black must now prevent Rf7+.} Rxh6 {[%emt 0:00:05] Weighted Error Value: White=0.11 (very precise) /Black=0.08 (flawless)} 1/2-1/2

[Event "Olomouc Chess Summer-IM 2022"]
[Site "Olomouc"]
[Date "2022.08.17"]
[Round "6.14"]
[White "Paseka, Matyas"]
[Black "Biolek, Richard"]
[Result "1/2-1/2"]
[ECO "C93"]
[WhiteElo "2218"]
[BlackElo "2402"]
[Annotator "TA"]
[PlyCount "117"]
[EventDate "2022.08.10"]
[EventCountry "CZE"]
[SourceTitle "playchess.com"]
[Source "ChessBase"]
[SourceQuality "1"]
[TimeControl "40/5400+30:1800+30"]

1. e4 e5 2. Nf3 Nc6 3. Bb5 a6 4. Ba4 Nf6 5. O-O Be7 6. Re1 b5 7. Bb3 d6 8. c3 O-O 9. h3 h6 10. d4 Re8 11. Nbd2 Bf8 12. Bc2 g6 13. Nf1 Bg7 14. Ng3 Bd7 15. Be3 {[%emt 0:10:38] C93: Closed Ruy Lopez: Smyslov Variation.} Qe7 16. Qd2 Kh7 {[%emt 0:01:33] [#]} 17. Nh2 $146 {[%emt 0:07:14] White is better.} ({Predecessor:} 17. Rad1 Rad8 18. Qc1 Qf8 19. b3 d5 20. dxe5 Nxe4 21. Bxe4 dxe4 22. Nxe4 Nxe5 23. Nxe5 Bxe5 24. Bf4 Qg7 25. Bxe5 Qxe5 26. Nd6 cxd6 27. Rxe5 dxe5 28. Qd2 a5 29. Qd6 {1-0 (29) Martinez Duany,L (2485)-Gonzalez Vidal,Y (2507) Santiago de Cuba 2009}) 17... d5 18. exd5 Nxd5 {[%emt 0:01:01] [#]} 19. dxe5 $1 Nxe3 20. Rxe3 Bxe5 21. Rae1 (21. Nf3 $16 Rad8 22. Qe2 (22. Nxe5 Nxe5 23. Qe2 f6 $16)) 21... Rad8 $1 $11 22. f4 (22. Nf3 $11 Be6 23. Qe2 Bxg3 24. fxg3) 22... Qd6 23. Qxd6 (23. Rd3 {with more complications.} Bxf4 24. Rxd6 Bxd2 25. Bxg6+ Kg7 26. Rxe8 cxd6 27. Rxd8 Nxd8 28. Bf5) 23... Bxd6 24. Rxe8 Rxe8 25. Rxe8 Bxe8 26. Ne4 {[%emt 0:00:56] And now Nf6+ would win.} Be7 {[%emt 0:05:09] Against Nf6+} 27. Nf3 f5 28. Nf2 Kg7 (28... Bd6 $5 29. Nd3 Kg7 $15) 29. Nd3 Kf6 30. Kf2 Bd6 31. g3 g5 32. h4 gxh4 33. Nxh4 Bf7 {[%emt 0:00:22] [#]} (33... Ne7 $11 {keeps the balance.}) 34. Nxf5 $1 $16 Kxf5 35. Ne5+ Kf6 36. Nxc6 {[%emt 0:00:07][%mdl 4096] Endgame KBB-KBN} Bc5+ 37. Kf3 Bd5+ 38. Be4 Bxa2 39. Nb8 (39. Nb4 $16 Bb3 40. Nxa6) 39... Bd6 $14 40. Nxa6 c5 $1 41. b4 cxb4 42. Nxb4 Bc4 43. Nc2 Bc5 44. g4 Be6 45. Bd3 Bd7 46. Nb4 Bd6 47. Be2 Kf7 48. Ke4 Bf8 49. Bf3 Ke6 50. Kd3 Kd6 51. Nc2 Kc5 52. Nd4 Bg7 53. f5 {[%emt 0:00:00] White is more active.} ({White should play} 53. Nb3+ $14 Kd6 54. Bd1) 53... Bf6 54. Be2 Kd5 {[%emt 0:00:00] The position is equal.} 55. Nf3 h5 56. gxh5 Bxf5+ 57. Kd2 Bg4 58. Nd4 Bxh5 59. Bxh5 {[%emt 0:00:30] Weighted Error Value: White=0.11 (very precise) /Black=0.09 (flawless)} 1/2-1/2

[Event "Olomouc Chess Summer-IM 2022"]
[Site "Olomouc"]
[Date "2022.08.17"]
[Round "6.15"]
[White "Saypuri Srithan"]
[Black "Mannion, Stephen R"]
[Result "1/2-1/2"]
[ECO "C96"]
[WhiteElo "1923"]
[BlackElo "2232"]
[Annotator "NA RC"]
[PlyCount "34"]
[EventDate "2022.08.10"]
[EventCountry "CZE"]
[SourceTitle "playchess.com"]
[Source "ChessBase"]
[SourceQuality "1"]
[TimeControl "40/5400+30:1800+30"]

1. e4 e5 2. Nf3 Nc6 3. Bb5 a6 4. Ba4 Nf6 5. O-O Be7 6. Re1 b5 7. Bb3 d6 8. c3 O-O 9. h3 Na5 10. Bc2 c5 11. d3 Re8 12. Nbd2 Bf8 13. Nf1 h6 14. Ne3 g6 15. Bd2 Nc6 16. Bb3 Be6 17. a4 Bxb3 1/2-1/2